 Dungeon Crawl Stone Soup version 0.19-a0-994-g3c636f0 (webtiles) character file.

25 4thArraOfDagon the Caller (level 2, 1/20 HPs)
             Began as a Demigod Summoner on July 17, 2016.
             Quit the game on level 2 of the Dungeon.
             The game lasted 00:03:43 (636 turns).

4thArraOfDagon the Caller (Demigod Summoner)         Turns: 636, Time: 00:03:45

Health: 1/20       AC:  2    Str: 11    XL:     2   Next: 63%
Magic:  6/7        EV: 12    Int: 19    God:
Gold:   32         SH:  0    Dex: 18    Spells: 1 memorised, 4 levels left

rFire  . . .     SeeInvis .     f - +0 short sword
rCold  . . .     Gourm    .     a - +0 robe
rNeg   . . .     Faith    .     (no shield)
rPois  .         Spirit   .     (no helmet)
rElec  .         Dismiss  .     (no cloak)
rCorr  .         Reflect  .     (no gloves)
SustAt +         Harm     .     (no boots)
MR     .....                    (no amulet)
Stlth  ++........               (no ring)
                                (no ring)

@: lethally poisoned (1 -> -8), not resistant to hostile enchantments,
unstealthy
A: agile 1, high mp 1, sustain attributes
a: no special abilities


You were on level 2 of the Dungeon.
You were not hungry.

You visited 1 branch of the dungeon, and saw 3 of its levels.

You collected 32 gold pieces.

Inventory:

Hand Weapons
 e - a +0 club
 f - a +0 short sword (weapon)
Missiles
 d - 6 tomahawks (quivered)
Armour
 a - a +0 robe (worn)
Scrolls
 g - 2 scrolls of remove curse {unknown}
 h - a scroll of amnesia {unknown}
Books
 b - a book of Callings

   Spells                             Type                      Level
   a - Summon Small Mammal            Summoning                    1
   b - Call Imp                       Summoning                    2
   c - Call Canine Familiar           Summoning                    3
   d - Summon Guardian Golem          Hexes/Summoning              3
   e - Summon Lightning Spire         Summoning/Air                4
   f - Summon Ice Beast               Ice/Summoning                4
Comestibles
 c - 2 bread rations
 i - 3 fruits
 k - a meat ration


   Skills:
 - Level 1.7 Dodging
 - Level 1.7 Stealth
 + Level 2.1 Spellcasting
 * Level 4.2 Summonings


You had 4 spell levels left.
You knew the following spells:

 Your Spells              Type           Power        Failure   Level  Hunger
a - Summon Small Mammal   Summ           ###.         3%          1    #......


Dungeon Overview and Level Annotations

Branches:
Dungeon (3/15)


Innate Abilities, Weirdness & Mutations

You have an increased reservoir of magic. (+10% MP)
Your attributes are resistant to harm.
You are agile. (Dex +2)


Message History

There is a stone staircase leading up here.
Unknown command.
You feel sick.
The kobold shoots a poisoned needle.
The poisoned needle barely misses you.
You climb upwards.
* * * LOW HITPOINT WARNING * * *
You feel sick.
There is a stone staircase leading down here.
* * * LOW HITPOINT WARNING * * *
You feel sick.
* * * LOW HITPOINT WARNING * * *
You feel sick.
* * * LOW HITPOINT WARNING * * *
You feel sick.
* * * LOW HITPOINT WARNING * * *
You feel sick.
* * * LOW HITPOINT WARNING * * *
You feel sick.
Enter note: HOW Are you sure you want to abandon this character and quit the game? (Confirm with "yes".)

### #.. #.# ######### #.#
.......†# #.###.###.# #######.#
#.........# #.# ##@####### #.#
#........# #.# #..#####.#######
######.#### #..# #..>......#
#..........####..###.#.#####.####
#.#####....##........#.......<...
####.##.#..#####.#####.###.
#(##### #.##.#).# #.# #.#
......####.##.#..# #.#####.#


There were no monsters in sight!

Vanquished Creatures
  A bat (D:1)
  A giant cockroach (D:2)
  A hobgoblin (D:1)
  A kobold (D:2)
  5 rats
9 creatures vanquished.

Vanquished Creatures (collateral kills)
  A worm (D:2)
  2 dart slugs
  A giant gecko (D:2)
  2 bats
  2 goblins (D:2)
  6 hobgoblins
  2 jackals (D:1)
  A ball python (D:2)
  A kobold (D:1)
  A rat (D:1)
19 creatures vanquished.

Grand Total: 28 creatures vanquished

Notes
Turn   | Place    | Note
-------+----------+-------------------------------------------
     0 | D:1      | 4thArraOfDagon the Demigod Summoner began the quest for the Orb.
     0 | D:1      | Reached XP level 1. HP: 14/14 MP: 5/5
   344 | D:2      | Found a stormy altar of Qazlal.
   357 | D:2      | Reached XP level 2. HP: 7/20 MP: 7/7
   366 | D:2      | Reached skill level 4 in Summonings
   625 | D:3      | Gained mutation: You are agile. (Dex +2) [potion of beneficial mutation]
   626 | D:3      | HOW
   635 | D:2      | HP: 1/20 [poisoned by a kobold]
   636 | D:2      | HOW
   636 | D:2      | Quit the game

Vault maps used:
D:1:      dpeg_cavernosity
D:2:      lemuel_doored_altar, grunt_qazlal_clouds
D:3:      nicolae_ru_awakened_eye, first_bread,
          gammafunk_pakellas_statue_experiment, uniq_iyjb

Skill      XL: |  1  2 |
---------------+-------+-----
Spellcasting   | 2 |  2.1
Summonings     | 4 |  4.2
Dodging        | |  1.7
Stealth        | |  1.7

Action                   || total
-------------------------++-------
Melee: Unarmed           ||    11
       Short sword       ||    15
       Club              ||     3
 Cast: Summon Small Mamm ||    33
  Use: Potion            ||     1
 Stab: Sleeping          ||     1
Armor: Robe              ||     3
Dodge: Dodged            ||    27
